Map: Heavy Artillery LE

Players

КапитанОвощ - Winner!

  • Race: Zerg Zerg
  • Spawn Location: 7:00

Twister - Winner!

  • Race: Zerg Zerg
  • Spawn Location: 7:00

Nyck

  • Race: Terran Terran
  • Spawn Location: 1:00

Ekelpack

  • Race: Zerg Zerg
  • Spawn Location: 3:00

VOD

Have the link to the VOD?

Description

Time

  • Played on: Aug. 20, 2024, 11:30 a.m.
  • Length: 12:47
Show
View Real Time Build Order
Export as new Build Order

КапитанОвощ Zerg - Winner!

Build Orders: Pool First, Swarm Host 

Get SALT Encoding   

  12  0:02  Drone  
  13  0:08  Drone  
  14  0:17  Overlord  
  14  0:36  Drone x3  
  17  0:48  Spawning Pool  
  17  0:50  Drone  
  17  0:56  Extractor  
  16  1:00  Drone  
  17  1:10  Extractor  
  17  1:11  Drone  
  17  1:20  Drone  
  18  1:30  Drone  
  19  1:42  Drone  
  20  1:49  Lair  
  20  1:57  Drone  
  21  2:03  Drone  
  22  2:16  Overlord  
  22  2:49  Infestation Pit  
  22  2:51  Drone x3  
  23  2:52  Nydus Network  
  23  3:04  Spine Crawler, Queen  
  24  3:06  Overlord  
  24  3:26  Swarm Host x2  
  30  3:34  Swarm Host  
  33  3:49  Swarm Host  
  33  3:53  Queen  
  38  4:04  Nydus Canal  
  38  4:06  Hatchery  
  37  4:10  Overlord x2  
  37  4:55  Swarm Host x3  
  46  5:45  Spore Crawler  
  46  5:48  Drone x3, Spore Crawler  
  46  5:49  Spawning Pool, Drone x3, Spore Crawler  
  48  5:51  Drone x2  
  48  5:52  Drone x4  
  54  6:12  Nydus Canal  
  54  6:18  Queen  
  54  6:20  Drone  
  54  6:21  Drone x3  
  54  6:24  Overlord x2  
  60  6:53  Queen  
  62  7:01  Overlord x3  
  62  7:02  Overlord  
  62  7:22  Spire  
  61  7:24  Drone x4  
  61  7:25  Drone x5  
  61  7:29  Extractor  
  69  7:34  Extractor  
  69  7:36  Hydralisk Den  
  68  7:58  Pneumatized Carapace  
  68  8:03  Swarm Host x4  
  80  8:07  Overlord x4  
  80  8:14  Nydus Canal  
  80  8:39  Overseer  
  80  8:43  Hydralisk  
  80  8:44  Hydralisk x10  
  102  8:54  Drone x2  
  102  8:55  Drone  
  105  9:10  Nydus Canal  
  98  9:43  Queen  
  100  9:57  Spore Crawler  
  100  9:58  Spore Crawler  
  98  10:01  Grooved Spines  
  98  10:12  Hatchery  
  97  10:16  Extractor  
  97  10:17  Extractor  
  97  10:19  Queen  
  97  10:28  Nydus Canal  
  97  10:51  Muscular Augments  
  79  11:14  Nydus Canal  
  79  11:18  Hydralisk  
  79  11:19  Hydralisk x9  
  79  11:21  Overlord  
  79  11:22  Overlord x4  
  89  12:07  Nydus Canal  
Show
View Real Time Build Order
Export as new Build Order

Twister Zerg - Winner!

Build Orders: Hatch First 

Get SALT Encoding   

  12  0:02  Drone  
  13  0:09  Drone  
  14  0:36  Hatchery  
  14  0:40  Drone  
  14  0:46  Overlord  
  14  1:05  Spawning Pool  
  14  1:06  Drone  
  14  1:10  Drone  
  15  1:14  Drone  
  16  1:19  Drone  
  17  1:28  Drone  
  18  1:44  Hatchery  
  17  1:52  Extractor  
  16  1:54  Queen  
  16  1:59  Extractor  
  16  2:00  Drone  
  18  2:03  Drone  
  18  2:06  Drone  
  20  2:10  Drone  
  20  2:14  Drone  
  22  2:24  Drone x3  
  25  2:30  Drone  
  26  2:45  Lair  
  26  2:48  Drone  
  26  2:49  Drone  
  28  2:54  Overlord  
  28  2:58  Zergling x2  
  29  2:59  Zergling x2  
  29  3:02  Zergling x2  
  31  3:07  Metabolic Boost  
  31  3:10  Zergling x2  
  32  3:13  Zergling x2  
  32  3:16  Zergling x2  
  32  3:19  Zergling x2  
  35  3:21  Zergling x2  
  36  3:28  Queen  
  38  3:34  Drone x2  
  40  3:46  Drone x2  
  42  3:57  Hydralisk Den  
  42  3:58  Drone  
  42  3:59  Overlord  
  42  4:09  Overlord  
  42  4:15  Extractor  
  42  4:16  Extractor  
  40  4:18  Evolution Chamber  
  40  4:22  Evolution Chamber  
  40  4:23  Drone, Evolution Chamber  
  38  4:24  Spire  
  38  4:30  Drone x2  
  38  4:31  Drone  
  40  4:33  Drone  
  40  4:38  Drone x2  
  43  4:46  Drone x2  
  43  4:47  Drone  
  43  4:52  Drone x2  
  48  4:55  Drone  
  48  4:57  Drone  
  49  5:16  Drone x4  
  49  5:17  Drone x4  
  57  5:23  Overlord x2  
  57  5:48  Drone x2, Infestation Pit  
  57  5:49  Drone x5  
  63  6:09  Grooved Spines  
  63  6:11  Drone x6  
  66  6:12  Drone x4  
  73  6:26  Overlord  
  73  6:27  Queen, Extractor x2  
  73  6:32  Hive  
  73  6:33  Zerg Missile Weapons Level 1  
  73  6:34  Zerg Ground Armor Level 1  
  73  6:35  Zerg Melee Weapons Level 1  
  73  6:37  Zerg Flyer Weapons Level 1  
  73  6:43  Overlord x3  
  73  6:45  Overlord  
  73  6:48  Corruptor x3  
  79  6:55  Corruptor  
  79  6:56  Overlord x2  
  79  6:59  Muscular Augments  
  79  7:00  Overlord  
  81  7:02  Hydralisk  
  81  7:07  Hydralisk x2  
  87  7:13  Drone x5  
  92  7:24  Hydralisk x2  
  92  7:25  Hydralisk  
  92  7:28  Hydralisk  
  100  7:38  Hydralisk x5  
  100  7:39  Hydralisk  
  112  7:50  Corruptor  
  112  7:51  Corruptor  
  114  7:52  Hydralisk  
  118  8:05  Corruptor  
  118  8:06  Corruptor  
  118  8:08  Hatchery  
  121  8:31  Zerg Flyer Armor Level 1  
  121  8:33  Hatchery  
  120  8:36  Hydralisk x6  
  120  8:37  Hydralisk x3  
  138  8:48  Zerg Missile Weapons Level 2  
  138  8:52  Extractor, Zerg Ground Armor Level 2  
  137  8:55  Extractor  
  137  9:01  Zerg Melee Weapons Level 2  
  136  9:13  Hydralisk  
  136  9:14  Overlord x3  
  138  9:25  Overlord x2  
  138  9:26  Overlord x2  
  138  9:42  Drone x4  
  138  9:43  Drone x4  
  138  9:45  Queen  
  148  9:46  Drone x2  
  150  9:54  Ultralisk Cavern, Overseer  
  150  9:57  Hydralisk x4  
  157  10:10  Drone x5  
  157  10:12  Queen  
  164  10:42  Corruptor x2  
  164  10:43  Corruptor x7  
  164  10:44  Corruptor x2  
  164  10:45  Corruptor  
  188  10:50  Extractor  
  188  10:52  Hatchery  
  188  10:53  Extractor  
  185  11:09  Ultralisk  
  191  11:11  Zergling x6  
  191  11:12  Zergling x10  
  199  11:21  Pneumatized Carapace  
  199  11:22  Overlord x2  
  189  11:42  Ultralisk  
  189  11:43  Overlord x2, Ultralisk  
  192  11:57  Hydralisk x2  
  192  11:58  Hydralisk x3  
  190  12:17  Hydralisk x3  
  190  12:18  Hydralisk  
Show
View Real Time Build Order
Export as new Build Order

Nyck Terran 

Build Orders:  

Get SALT Encoding   

  12  0:02  SCV  
  13  0:14  SCV  
  14  0:28  Supply Depot  
  14  0:30  SCV  
  15  0:50  SCV  
  15  0:51  Barracks  
  16  1:00  Refinery  
  16  1:02  SCV  
  17  1:14  SCV  
  18  1:26  SCV  
  19  1:38  SCV, Refinery  
  20  1:45  Supply Depot  
  21  1:50  Reaper  
  21  1:52  Orbital Command  
  21  2:13  Barracks  
  21  2:22  Reaper  
  22  2:24  SCV  
  23  2:36  SCV  
  24  2:42  Factory  
  24  2:49  SCV  
  25  2:54  Reaper  
  26  3:01  SCV  
  27  3:06  Supply Depot  
  27  3:11  Barracks Tech Lab  
  27  3:16  SCV  
  28  3:22  Command Center  
  28  3:33  Factory Reactor  
  28  3:36  Reaper x2  
  30  4:15  SCV  
  31  4:28  SCV  
  32  4:41  SCV  
  32  4:45  Marauder  
  35  4:46  Reaper  
  35  4:48  Cyclone  
  35  4:49  Cyclone  
  40  4:59  SCV  
  37  5:26  Barracks Tech Lab  
  37  5:28  Marauder  
  39  5:30  Cyclone x2  
  39  6:23  SCV  
  40  6:39  Marauder  
  42  6:40  Marauder  
  25  7:05  Marauder x2  
  25  7:08  Concussive Shells  
  29  7:11  Cyclone x2  
  33  7:22  SCV  
  34  7:27  Marauder x2  
  38  7:34  SCV  
  39  7:37  SCV  
  39  7:43  Cyclone  
  39  7:44  Cyclone  
  44  7:46  SCV  
  44  7:49  SCV, Marauder x2  
  50  7:56  Stimpack  
  50  7:58  SCV  
  50  8:03  Barracks  
  51  8:10  SCV, Marauder x2  
  56  8:14  Engineering Bay  
  56  8:22  SCV  
  57  8:35  SCV  
  57  8:38  Marauder x2  
  62  8:52  Barracks  
  62  8:53  Supply Depot  
  62  9:11  SCV, Cyclone x2, Marauder  
  62  9:15  Supply Depot, Terran Infantry Armor Level 1, Marauder  
  71  9:17  Engineering Bay  
  71  9:23  SCV  
  72  9:24  SCV  
  72  9:28  Refinery  
  73  9:33  Refinery  
  73  9:35  SCV  
  73  9:36  SCV  
  73  9:37  Barracks Tech Lab  
  73  9:38  Supply Depot  
  75  9:43  Cyclone x2  
  69  10:20  Supply Depot  
  69  10:34  SCV  
  70  10:42  Marauder x3  
  76  10:43  Supply Depot  
  76  10:45  SCV  
  76  10:46  SCV  
  78  11:05  SCV  
  78  11:06  Supply Depot  
  79  11:17  SCV x2  
  81  11:29  SCV  
  82  11:37  Marauder x2  
  68  11:41  SCV  
  49  11:53  SCV  
  42  11:58  Marauder x2  
  35  12:05  SCV  
  36  12:19  Marauder  
  36  12:20  Marauder  
Show
View Real Time Build Order
Export as new Build Order

Ekelpack Zerg 

Build Orders: Pool First 

Get SALT Encoding   

  12  0:00  Drone  
  13  0:14  Drone  
  14  0:16  Overlord  
  14  0:20  Extractor  
  13  0:23  Drone  
  14  0:41  Spawning Pool  
  13  0:44  Drone  
  13  0:48  Drone  
  15  0:53  Drone  
  16  1:01  Drone  
  17  1:11  Drone  
  18  1:28  Queen  
  18  1:29  Zergling x2  
  18  1:30  Zergling x2  
  22  1:37  Metabolic Boost  
  22  1:40  Overlord  
  22  2:04  Drone  
  23  2:08  Hatchery  
  22  2:31  Drone x3  
  22  2:34  Lair  
  22  2:35  Extractor  
  24  2:40  Drone  
  24  2:41  Drone x2  
  27  3:00  Drone x2  
  29  3:23  Queen  
  29  3:55  Extractor  
  29  3:56  Drone x3  
  29  3:57  Extractor  
  30  4:04  Spire  
  30  4:07  Drone  
  25  4:47  Spire  
  25  4:52  Drone x5  
  29  5:03  Drone x3  
  29  5:04  Drone x3  
  35  5:33  Lair  
  35  5:38  Overlord x3  
  35  5:59  Mutalisk x6  
  35  6:03  Spawning Pool  
  46  6:13  Mutalisk  
  48  6:26  Zerg Flyer Weapons Level 1  
  48  6:37  Hatchery  
  47  6:57  Zergling x2, Mutalisk x2  
  52  7:05  Overlord x4  
  52  7:42  Mutalisk x2  
  52  7:43  Mutalisk x2  
  60  7:55  Queen  
  60  7:57  Drone  
  63  8:52  Drone x3  
  63  8:53  Drone x2, Mutalisk x2  
  72  9:01  Queen  
  74  9:04  Hatchery  
  74  9:05  Zerg Flyer Weapons Level 2  
  73  9:15  Mutalisk x3  
  79  9:23  Zergling x4  
  79  9:24  Zergling x4  
  82  9:56  Zergling x4  
  82  9:57  Overlord  
  82  9:58  Overlord x4  
  80  10:10  Overlord  
  80  10:12  Overlord  
  80  10:13  Overlord  
  80  10:33  Mutalisk x6  
  80  11:18  Mutalisk x2  
  80  11:19  Spawning Pool, Mutalisk x2  
  80  11:22  Extractor  
  86  11:27  Extractor  
  85  11:33  Mutalisk  
Tags
 
Add a new tag
Caveats
  • Supply blocks, unpowered buildings, or Contaminate may cause inaccurate times.
  • Supply counts are checked every 10 seconds.